 Dungeon Crawl Stone Soup version 0.31-a0-692-gf03d1854d5 (webtiles) character file.

Game seed: 14215832050406034585

42 qw the Shooter (level 3, -2/22 HPs)
             Began as a Gargoyle Hunter on Sept 6, 2023.
             Killed from afar by Natasha (4 damage)
             ... with a magic dart
             ... on level 2 of the Dungeon.
             The game lasted 00:00:23 (802 turns).

qw the Shooter (Gargoyle Hunter)                     Turns: 802, Time: 00:00:24

Health: -2/22      AC:  7    Str: 14    XL:     3   Next: 56%
Magic:  3/3        EV: 11    Int:  9    God:
Gold:   35         SH:  0    Dex: 15    Spells: 2/2 levels left

rFire   . . .        Y - +0 shortbow
rCold   . . .        (shield currently unavailable)
rNeg    + . .        c - +0 leather armour
rPois   inf          g - +0 helmet
rElec   +            (no cloak)
rCorr   .            (no gloves)
SInv    .            (no boots)
Will    .....        (no amulet)
Stlth   ++           (no ring)
HPRegen 0.23/turn    (no ring)
MPRegen 0.08/turn

%: no passive effects
@: slowed, very slow
A: sickness immunity, AC +3, negative energy resistance 1, electricity
resistance, torment resistance 1, petrification resistance
a: no special abilities


You were on level 2 of the Dungeon.
You visited 1 branch of the dungeon, and saw 2 of its levels.

You collected 35 gold pieces.


Innate Abilities, Weirdness & Mutations

You are immune to sickness and miasma.
Your stone body is resilient. (AC +3)
You are immune to poison.
You resist negative energy. (rN+)
You are resistant to electric shocks. (rElec)
You are resistant to unholy torment.
You are immune to petrification.


   Skills:
 + Level 2.7 Fighting
 - Level 5.0 Ranged Weapons
 - Level 1.5 Dodging
 - Level 1.1 Stealth


You had 2 spell levels left.
You didn't know any spells.
Your spell library was empty.

Inventory:

Hand Weapons
 Y - a +0 shortbow (weapon)
Armour
 c - a +0 leather armour (worn)
 g - a +0 helmet (worn)
Jewellery
 a - a ring of flight
 d - an amulet of reflection
Scrolls
 h - 2 scrolls of teleportation
Potions
 b - a potion of brilliance {unknown}
 e - a potion of heal wounds {unknown}
 f - a potion of magic {unknown}

Dungeon Overview and Level Annotations

Branches:
Dungeon (2/15)

Altars:

Shops:
D:1 !

Annotations:
D:2 Natasha


Message History

Natasha mumbles some strange words.
Natasha casts a spell.
You shoot an arrow. The arrow hits Natasha.
Natasha is lightly wounded.
The cerulean imp closely misses you.
Enter note:
797 |||
Found retreat position at 2,0 (floor) with 0 blocking monsters and 2 monsters attacking at destination at distance 2
Enter note:
797 ||| Stepping ~*~*~tactically~*~*~ (retreating).
Natasha attacks as she pursues you! Natasha claws you but does no damage.
The cerulean imp attacks as it pursues you!
The cerulean imp misses you.
Enter note:
798 |||
Found retreat position at 1,0 (floor) with 0 blocking monsters and 2 monsters attacking at destination at distance 1
798 ||| Stepping ~*~*~tactically~*~*~ (retreating).
The cerulean imp attacks as it pursues you!
The cerulean imp barely misses you. The cerulean imp closely misses you.
799 |||
Found retreat position at 1,0 (floor) with 0 blocking monsters and 2 monsters attacking at destination at distance 1
Enter note:
799 ||| Stepping ~*~*~tactically~*~*~ (retreating).
Natasha casts a spell at you.
You feel yourself slow down.
You shoot an arrow. The arrow barely misses Natasha.
The arrow closely misses the cerulean imp.
Natasha stares at you and mumbles some strange words.
You feel as though you will be slow longer.
The cerulean imp hits you from afar with a +2 spear.
Natasha claws you!
You shoot an arrow. The arrow hits Natasha.
Natasha is moderately wounded.
The cerulean imp barely misses you. Natasha misses you.
The cerulean imp hits you from afar with a +2 spear.
You shoot an arrow. The arrow barely misses Natasha.
The arrow hits the cerulean imp.
The cerulean imp is heavily wounded.
Natasha claws you but does no damage.
The cerulean imp hits you from afar with a +2 spear.
Natasha stares at you and mumbles some strange words.
The magic dart hits you.
You die...
Natasha begins licking her fur clean.

##### ......########
.......55h@..##############
......#.###................
........# #.###############
......### #...<............
...... ######.####..###.
..... #.##..#.# #. ##.##
#(##.#..###. #.
#.##%....... #.##.####.##


You could see Natasha and 2 cerulean imps.

Vanquished Creatures
  An adder (D:2)
  2 dart slugs (D:1)
  5 ball pythons
  An endoplasm (D:1)
  2 goblins (D:1)
  3 hobgoblins (D:1)
  2 jackals (D:1)
  A quokka (D:1)
  6 kobolds
  4 rats
27 creatures vanquished.

Notes
Turn   | Place    | Note
-------+----------+-------------------------------------------
     0 | D:1      | qw the Gargoyle Hunter began the quest for the Orb.
     0 | D:1      | Reached XP level 1. HP: 12/12 MP: 1/1
     0 | D:1      | 0 ||| qw: Version: 0.3-a-76-g4403597
     0 | D:1      | 0 ||| qw: Game counter: 333
     0 | D:1      | 0 ||| qw: Melee chars always use a shield: true
     0 | D:1      | 0 ||| qw: God list: Okawaru
     0 | D:1      | 0 ||| qw: Allow faded altars: false
     0 | D:1      | 0 ||| qw: Do Orc after clearing Dungeon:15 true
     0 | D:1      | 0 ||| qw: Do second Lair branch before Depths: true
     0 | D:1      | 0 ||| qw: Lair rune preference: random
     0 | D:1      | 0 ||| qw: Goals: Normal
     0 | D:1      | 0 ||| PLANNING D:1-11
    71 | D:1      | Reached XP level 2. HP: 17/17 MP: 2/2
   329 | D:1      | Found Raiwosum's Distillery.
   337 | D:1      | Reached XP level 3. HP: 20/21 MP: 3/3
   346 | D:1      | 346 ||| SHOPLISTING potion of curing (39 gold, have 17).
   346 | D:1      | 346 ||| SHOPLISTING potion of haste (130 gold, have 17).
   346 | D:1      | 346 ||| SHOPLISTING potion of heal wounds (65 gold, have
                  | 17).
   346 | D:1      | 346 ||| SHOPLISTING potion of might (52 gold, have 17).
   346 | D:1      | 346 ||| SHOPLISTING potion of resistance (130 gold, have
                  | 17).
   381 | D:1      | Reached skill level 5 in Ranged Weapons
   619 | D:1      | 619 ||| UPGRADING to +0 helmet.
   624 | D:1      | 624 ||| READING scroll labelled LIEXON WYMP.
   625 | D:1      | 625 ||| READING 2 scrolls labelled WEBRYBU ZUADI.
   629 | D:1      | 629 ||| DROPPING scroll of butterflies.
   794 | D:2      | Noticed Natasha
   797 | D:2      | 797 ||| Stepping ~*~*~tactically~*~*~ (retreating).
   798 | D:2      | 798 ||| Stepping ~*~*~tactically~*~*~ (retreating).
   799 | D:2      | 799 ||| Stepping ~*~*~tactically~*~*~ (retreating).
   802 | D:2      | HP: 2/22 [cerulean imp/+2 spear[Natasha] (6)]
   802 | D:2      | Killed from afar by Natasha

Levels and vault maps discovered:
D:1:      eino_arrival_water_star, layout_basic, serial_shops,
          nicolae_shop_industrial_runoff, nrook_uturn
D:2:      layout_loops_ring, uniq_natasha

Skill      XL: |  1  2  3 |
---------------+----------+-----
Ranged Weapons | 5 |  5.0
Fighting       | |  2.7
Dodging        | |  1.5
Stealth        | |  1.1

Action                     || total
---------------------------++-------
   Fire: Shortbow          ||   104
    Use: Scroll            ||     2
 Armour: Leather armour    ||    41
  Dodge: Dodged            ||    35

Table legend:
 A = Non-vault XP
 B = Vault XP
 C = Vault XP percentage of total XP
 D = Non-vault monster count
 E = Vault monster count
 F = Vault count percentage of total count
                 A         B        C        D         E       F
            +---------+---------+-------+---------+---------+-------
      Total |      61 |       0 |   0.0 |      27 |       0 |   0.0
            +---------+---------+-------+---------+---------+-------
        D:1 |      42 |       0 |   0.0 |      22 |       0 |   0.0
        D:2 |      19 |       0 |   0.0 |       5 |       0 |   0.0
            +---------+---------+-------+---------+---------+-------
